 Dungeon Crawl Stone Soup version 0.31-a0-43-g46d131a48f (webtiles) character file.

Game seed: 2497005892394623875

1549 Frost42 the Trooper (level 8, -3/73 HPs)
             Began as a Minotaur Gladiator on Feb 15, 2023.
             Was a Follower of Makhleb.
             Slain by a gnoll sergeant
             ... wielding a +0 spear
              (6 damage)
             ... on level 6 of the Dungeon on May 18, 2023.
             The game lasted 00:36:16 (6630 turns).

Frost42 the Trooper (Minotaur Gladiator)            Turns: 6630, Time: 00:36:17

Health: -3/73      AC: 10    Str: 21    XL:     8   Next: 57%
Magic:  7/7        EV: 10    Int:  5    God:    Makhleb [*.....]
Gold:   350        SH:  0    Dex: 12    Spells: 7/7 levels left

rFire   . . .        m - +4 long sword (freeze)
rCold   . . .        (no shield)
rNeg    . . .        v - +0 chain mail
rPois   .            l - +2 hat
rElec   .            (no cloak)
rCorr   .            (no gloves)
SInv    +            (no boots)
Will    .....        (no amulet) Stlth
                     p - ring of see invisible
HPRegen 0.32/turn    (no ring)
MPRegen 0.10/turn

%: no passive effects
@: mighty
A: horns 2, retaliatory headbutt
a: Renounce Religion


You were on level 6 of the Dungeon.
You worshipped Makhleb.
Makhleb was aware of your devotion.
You visited 2 branches of the dungeon, and saw 7 of its levels.

You collected 350 gold pieces.

Inventory:

Hand Weapons
 a - a +1 war axe
 b - a +0 whip of flaming
 e - a +3 dagger of draining
 m - a +4 long sword of freezing (weapon)
 s - a +0 short sword of flaming
 B - a +2 heavy trident
 C - a +2 dagger of venom
Missiles
 d - 3 throwing nets
 f - 32 stones
 t - 5 poisoned darts
 y - 5 boomerangs
 z - a javelin
Armour
 l - a +2 hat (worn)
 v - a +0 chain mail (worn)
Magical Staves
 o - a staff of earth
 u - a staff of death
Jewellery
 p - a ring of see invisible (left hand)
 x - a ring of ice
Wands
 D - a wand of roots (19)
Scrolls
 h - 3 scrolls of identify
 r - 3 scrolls of amnesia
 w - a scroll of fear {unknown}
 F - a scroll of enchant armour {unknown}
 H - 2 scrolls of teleportation {unknown}
Potions
 c - 2 potions of mutation {unknown}
 i - 3 potions of haste {unknown}
 j - a potion of brilliance {unknown}
 k - 2 potions of resistance {unknown}
 n - 2 potions of degeneration {unknown}
 A - 2 potions of berserk rage


   Skills:
 * Level 7.3 Fighting
 + Level 0.5 Long Blades
 - Level 5.6(5.8) Axes
 - Level 2.1(4.2) Maces & Flails
 * Level 6.0 Throwing
 * Level 7.0 Dodging


You had 7 spell levels left.
You didn't know any spells.
Your spell library contained the following spells:

 Spells                   Type           Power      Damage    Failure   Level
 Lesser Beckoning         Tloc           0%         N/A       100%        2
 Gell's Gravitas          Tloc           0%         N/A       100%        3
 Ignite Poison            Fire/Tmut/Pois 0%         N/A       100%        3
 Teleport Other           Tloc           0%         N/A       100%        3
 Sticky Flame             Conj/Fire      0%         2d3       100%        4
 Ignition                 Fire           0%         3d3       100%        8


Dungeon Overview and Level Annotations

Branches:
Dungeon (6/15)             Temple (1/1) D:5

Altars:
Ashenzari
Fedhas
Gozag
Makhleb
Qazlal
Ru
Trog
Uskayaw
Vehumet
Xom
Zin


Innate Abilities, Weirdness & Mutations

You have a pair of horns on your head.
You reflexively headbutt those who attack you in melee.


Message History

The gnoll attacks as you move away! The gnoll closely misses you.
The gnoll attacks as you move away! The gnoll misses you.
The sleepcap releases spores at you but does no damage.
The gnoll hits you but does no damage.
You see here an iguana corpse.
The gnoll hits you but does no damage.
You see here a poisoned dart.
The sleepcap releases spores at you.
You are engulfed in a cloud of soporific spores!
You fall asleep.
The gnoll hits you but does no damage.
The sleepcap releases spores at you but does no damage.
The gnoll barely misses you.
The gnoll hits you from afar with a +0 spear!
You wake up.
* * * LOW HITPOINT WARNING * * *
The gnoll hits you from afar with a +0 halberd!
* * * LOW HITPOINT WARNING * * *
The gnoll sergeant hits you but does no damage.
You feel better. The sleepcap barely misses you.
The gnoll hits you with a +0 club.
* * * LOW HITPOINT WARNING * * *
The gnoll misses you.
The gnoll hits you from afar with a +0 halberd.
* * * LOW HITPOINT WARNING * * *
The gnoll sergeant hits you from afar with a +0 spear.
* * * LOW HITPOINT WARNING * * *
Unknown command.
You feel better. The sleepcap barely misses you.
The gnoll barely misses you. x2
The gnoll hits you from afar with a +0 halberd!
* * * LOW HITPOINT WARNING * * *
The gnoll sergeant hits you from afar with a +0 spear.
* * * LOW HITPOINT WARNING * * *
The air fills with toxic fumes!
As you read the scroll of poison, it crumbles to dust.
The sleepcap releases spores at you but does no damage.
The gnoll hits you but does no damage. The gnoll closely misses you.
The gnoll hits you but does no damage.
The gnoll sergeant hits you from afar with a +0 spear.
You die...

## ### # ...≈.≈ >.
._.≈.≈ .. ...≈.≈ ###.
≈§≈..≈ #§§ ≈§§§≈. #§#
.§§§§§♣#§# ######
♣♣♣§g@# ####.....
#§§gf######........
#§§gg.....#.##.##
#§§§#..##...##..### .
#§§§##.###........####
#§§§##.# ##.###.#...##
#§§(##.. #.# #.###...
##§.##### ... ..#.....
##.# .............


You could see a sleepcap, a gnoll sergeant and 3 gnolls.

Vanquished Creatures
  Pikel (D:5)
  A water moccasin (D:5)
  A centaur (D:4)
  A lemure (D:5)
  A kobold brigand (D:6)
  2 scorpions
  3 wights (D:6)
  2 hounds
  A gnoll bouda (D:6)
  2 orc priests (D:5)
  An iguana (D:6)
  3 orc wizards
  20 gnolls
  3 adders
  An ufetubus (D:5)
  2 worms (D:4)
  5 dart slugs
  19 orcs
  5 bats
  6 endoplasms
  2 giant cockroaches (D:1)
  3 goblins
  4 hobgoblins
  11 kobolds
  2 quokkas
  8 ball pythons
  2 frilled lizards
112 creatures vanquished.

Notes
Turn   | Place    | Note
-------+----------+-------------------------------------------
     0 | D:1      | Frost42 the Minotaur Gladiator began the quest for the Orb.
     0 | D:1      | Reached XP level 1. HP: 18/18 MP: 0/0
   157 | D:1      | Reached XP level 2. HP: 16/25 MP: 1/1
   412 | D:1      | Found a faded altar of an unknown god.
   807 | D:2      | Upgraded the game from 0.30-a0-778-g2ef04afb54 to
                  | 0.30-a0-799-g109b55a442
  1000 | D:2      | Reached XP level 3. HP: 29/31 MP: 2/2
  1915 | D:2      | Upgraded the game from 0.30-a0-799-g109b55a442 to
                  | 0.31-a0-43-g46d131a48f
  2292 | D:3      | Reached XP level 4. HP: 38/38 MP: 3/3
  2965 | D:4      | Noticed a scorpion
  2975 | D:3      | Killed a scorpion
  2976 | D:3      | Reached XP level 5. HP: 45/46 MP: 4/4
  3838 | D:4      | Noticed a centaur
  3846 | D:4      | Reached XP level 6. HP: 53/53 MP: 5/5
  3852 | D:4      | Reached skill level 5 in Dodging
  4011 | D:5      | Entered Level 5 of the Dungeon
  4224 | D:5      | Noticed a water moccasin
  4234 | D:5      | Killed a water moccasin
  4235 | D:5      | Reached skill level 5 in Fighting
  4235 | D:5      | Reached skill level 5 in Axes
  4344 | D:5      | Found a staircase to the Ecumenical Temple.
  4358 | D:5      | Reached XP level 7. HP: 61/61 MP: 6/6
  4383 | D:5      | Noticed Pikel
  4404 | D:5      | Killed Pikel
  4405 | D:5      | Reached skill level 5 in Throwing
  4698 | D:5      | Reached XP level 8. HP: 56/71 MP: 7/7
  5199 | Temple   | Entered the Ecumenical Temple
  5516 | Temple   | Became a worshipper of Makhleb the Destroyer
  5667 | D:6      | Reached skill level 1 in Maces & Flails
  6317 | D:6      | Reached * piety under Makhleb
  6574 | D:6      | Found a blossoming altar of Fedhas.
  6629 | D:6      | HP: 2/73 [gnoll sergeant/+0 spear (3)]
  6630 | D:6      | Slain by a gnoll sergeant

Illustrated notes

Levels and vault maps discovered:
D:1:      sevenhm_arrival_forest_fort_small_3, layout_basic,
          hellmonk_ecumenical_altar_leap_of_faith
D:2:      layout_basic
D:3:      layout_rooms
D:4:      layout_basic, uniq_blork_the_orc
D:5:      layout_loops_ring, minmay_temple_entry_arrows, uniq_pikel
D:6:      layout_rooms, mainiacjoe_overflow_paths
Temple:   compressed_dpeg_circular_temple

Skill      XL: |  1  2  3  4  5  6  7  8 |
---------------+-------------------------+-----
Axes           | 4 5 |  5.6
Fighting       | 3 4 5 6 7 |  7.3
Dodging        | 4 5 6 7 |  7.0
Throwing       | 3 4 5 6 |  6.0
Maces & Flails | 2 |  2.1
Long Blades    | |  0.5

Action                     |  1- 3 |  4- 6 |  7- 9 || total
---------------------------+-------+-------+-------++-------
  Melee: War axe           |    46 |    65 |    10 ||   121
         Headbutt          |     5 |    12 |    33 ||    50
         Short sword       |     7 |    37 |       ||    44
         Whip              |       |       |   125 ||   125
         Long sword        |       |       |     8 ||     8
         Punch             |       |       |     2 ||     2
  Throw: Stone             |     2 |       |     6 ||     8
         Dart              |     1 |    17 |    22 ||    40
         Throwing net      |       |       |     3 ||     3
         Javelin           |       |       |     1 ||     1
  Evoke: Wand              |       |       |     1 ||     1
    Use: Scroll            |     5 |     3 |     2 ||    10
         Potion            |       |     1 |     7 ||     8
 Armour: Leather armour    |    21 |       |       ||    21
         Chain mail        |       |    68 |   108 ||   176
  Dodge: Dodged            |    51 |    58 |   121 ||   230

Table legend: (Time is in decaauts)
 A = Elapsed time spent in this place.
 B = Non-inter-level travel time spent in this place.
 C = Inter-level travel time spent in this place.
 D = Time resting spent in this place.
 E = Time spent auto-exploring this place.
 F = Levels seen in this place.
 G = Mean time per level.
                   A        B        C        D        E       F      G
               +--------+--------+--------+--------+--------+-----+--------+
         Total |   6653 |   5932 |    721 |   1370 |    876 |   7 |  950.4 |
       Dungeon |   6316 |   5595 |    721 |   1370 |    876 |   6 | 1052.7 |
        Temple |    336 |    336 |      0 |      0 |      0 |   1 |  336.0 |
               +--------+--------+--------+--------+--------+-----+--------+

Top non-repeatable levels by time:
     D:5: 1420 daAuts
     D:2: 1241 daAuts
     D:3: 1096 daAuts
     D:4: 930 daAuts
     D:6: 821 daAuts
     D:1: 805 daAuts
  Temple: 336 daAuts
